 Dungeon Crawl Stone Soup version 0.18-a0-1203-gbde16db (webtiles) character file.

21 Banto the Ducker (level 2, -1/14 HPs)
             Began as a Felid Chaos Knight on Feb 1, 2016.
             Killed by the capriciousness of Xom (15 damage)
             ... on level 1 of the Dungeon.
             The game lasted 00:01:44 (1157 turns).

Banto the Ducker (Felid Chaos Knight)               Turns: 1157, Time: 00:01:44

Health: -1/14      AC:  1    Str:  8    XL:     2   Next: 62%
Magic:  3/3        EV: 18    Int: 13    God:    Xom [..*...]
Gold:   47         SH:  0    Dex: 15    Spells: 0 memorised, 1 level left
                                        Lives:  0   Deaths: 0

rFire  . . .     SeeInvis +       - Unarmed
rCold  . . .     Gourm    .     (armour unavailable)
rNeg   . . .     Faith    .     (shield unavailable)
rPois  .         Spirit   .     (helmet unavailable)
rElec  .         Dismiss  .     (cloak unavailable)
rCorr  .         Reflect  .     (gloves unavailable)
SustAt .         Harm     .     (boots unavailable)
MR     .....                    (no amulet)
Stlth  ++........               (no ring)
                                (no ring)

@: quick, not resistant to hostile enchantments, unstealthy
A: no armour, no weapons or thrown items, claws 1, fangs 3, see invisible,
carnivore 3, speed 1, shaggy fur 1, slow metabolism 1, sharp paws
a: Renounce Religion


You were on level 1 of the Dungeon.
You worshipped Xom.
You were a BORING thing.
You were not hungry.

You visited 1 branch of the dungeon, and saw 1 of its levels.

You collected 47 gold pieces.

Inventory:

Scrolls
 d - a scroll of amnesia {unknown}
Potions
 b - a potion of mutation {unknown}
 c - a potion of flight {unknown}
Comestibles
 a - a meat ration


   Skills:
 - Level 3.0 Fighting
 + Level 3.7 Dodging
 + Level 1.9 Stealth
 + Level 3.3 Unarmed Combat


You had one spell level left.
You didn't know any spells.

Dungeon Overview and Level Annotations

Branches:
Dungeon (1/15)

Altars:


Innate Abilities, Weirdness & Mutations

You cannot wear armour.
You are incapable of wielding weapons or throwing items.
You have sharp claws.
You have razor-sharp teeth.
You have supernaturally acute eyesight.
You are carnivorous and can eat meat at any time.
You cover ground quickly.
You are covered in fur (AC +1).
You have a slow metabolism.
Your sharp claws are effective at attacking unaware monsters.


Message History

No target in view!
No target in view!
No target in view!
No target in view!
No target in view!
No target in view!
No target in view!
No target in view!
Xom is getting BORED.
You are now a BORING thing.
Found 11 gold pieces.
You now have 47 gold pieces (gained 11).
d - a scroll labeled HUCIARCH DITILE You enter the shallow water.
Moving in this stuff is going to be slow.
Xom's power touches on you for a moment.
Pain shoots through your body!
Ouch! That really hurt!
You die...
Xom chuckles heartily!

#######.###.##
#.........##.##
####.###.###...... ..##.#
##.#####.## #.##.# #...###.##
#.##.###.##.#.##
#.##..#..###.##
#.#≈≈≈≈≈≈≈≈≈## #@.≈#≈≈≈≈≈#≈#
.........≈#≈###≈#≈#
#.#####..≈#≈≈≈≈≈#≈# #.
#..≈≈≈≈≈≈≈≈≈# #### # #.
#.##.......####... #. #.##
#.##..............
#.####..####.##.......####.++
....#.......)......(......'.
#..#..#.........#>######.+.


There were no monsters in sight!

Vanquished Creatures
  A giant gecko (D:1)
  3 bats (D:1)
  2 giant cockroaches (D:1)
  4 goblins (D:1)
  3 giant newts (D:1)
  5 kobolds (D:1)
  4 rats (D:1)
22 creatures vanquished.

Notes
Turn   | Place    | Note
--------------------------------------------------------------
     0 | D:1      | Banto the Felid Chaos Knight began the quest for the Orb.
     0 | D:1      | Reached XP level 1. HP: 10/10 MP: 2/2
   134 | D:1      | XOM: butterfly on damage
   134 | D:1      | XOM: smoke on damage
   138 | D:1      | XOM: harmless Trmt miscast
   317 | D:1      | XOM: divination: detect creatures
   378 | D:1      | Reached skill level 1 in Stealth
   381 | D:1      | XOM: harmless Pois miscast
   388 | D:1      | Reached XP level 2. HP: 9/14 MP: 3/3
   430 | D:1      | XOM: harmless Necr miscast
   472 | D:1      | XOM: harmless Tloc miscast
   737 | D:1      | XOM: mild Tloc miscast
  1031 | D:1      | XOM: divination: magic mapping
  1157 | D:1      | XOM is BORED!
  1157 | D:1      | XOM: mild Necr miscast
  1157 | D:1      | Killed by the capriciousness of Xom

Vault maps used:
D:1:      lightli_arrival_maybe_door_vault, minmay_crystal_water,
          hangedman_decor_peaks_small

Action                   || total
-------------------------++-------
Melee: Unarmed           ||    70
  Use: Scroll            ||     2
  Eat: Chunk             ||     3
